AoeStats
← Shiboridashi

Arabia

507726260Analyzed
1v1 RM · 13d ago on Sep 19, 2026· 45m 10s· 2 players
Game mode
Random Map
Map size
Tiny (2 player)
Population
200
Speed
Normal
Resources
Standard
Victory
Conquest
Starting age
Dark Age
Ending age
Imperial Age
RankedLock teamsTeams togetherTeam positionsShared explorationLock speedFull tech treeHidden civsTurbo modeCheats
Victory
Defeat
🇫🇷 Teutons · France
1032
+14
🇫🇷 Teutons · France
985
-14
Caramiiel
2:47 Loom
2:57 Loom
10:24 Feudal Age
11:20 Double-Bit Axe
11:09 Man-at-Arms
13:58 Forging
18:59 Wheelbarrow
21:54 Castle Age
19:55 Gold Mining
20:34 Scale Mail Armor
22:22 Bloodlines
22:19 Scale Barding Armor
22:29 Pikeman
25:48 Iron Casting
26:35 Squires
31:03 Arson
31:36 Chain Mail Armor
31:41 Chain Barding Armor
36:58 Bow Saw
37:16 Horse Collar
39:30 Hand Cart
44:41 Imperial Age
45:49 Imperial Age
Shiboridashi
7:04 Loom
7:08 Loom
10:08 Feudal Age
11:06 Double-Bit Axe
15:49 Castle Age
15:18 Horse Collar
16:12 Forging
17:39 Bow Saw
22:48 Scale Barding Armor
24:41 Heavy Plow
27:37 Bloodlines
29:10 Gold Mining
31:04 Wheelbarrow
30:24 Stone Mining
31:29 Iron Casting
30:55 Scale Mail Armor
31:05 Fletching
32:55 Stone Shaft Mining
33:36 Chain Barding Armor
36:30 Squires
36:36 Town Watch
42:47 Imperial Age
40:37 Hand Cart
40:44 Chain Mail Armor
41:36 Bodkin Arrow
42:55 Cavalier
44:01 Conscription
44:00 Town Patrol
45:03 Two-Man Saw
44:35 Crop Rotation
45:54 Blast Furnace
45:04 Elite Teutonic Knight
Connection lost

Rejoining the realm…

Still unreachable

The connection could not be restored.

Session expired

The server has moved on; the page needs a fresh start.